[Event "American Cup Women Elimination 2024"]
[Site "Saint Louis"]
[Date "2024.03.18"]
[Round "4.3"]
[White "Lee, Alice"]
[Black "Tokhirjonova, Gulrukhbegim"]
[Result "1-0"]
[ECO "D38"]
[WhiteElo "2356"]
[BlackElo "2365"]
[Annotator "TA"]
[PlyCount "87"]
[EventDate "2024.03.11"]
[EventType "k.o."]
[EventCountry "USA"]
[SourceTitle "playchess.com"]
[Source "ChessBase"]
[SourceQuality "1"]
[TimeControl "900+10"]

1. d4 d5 2. c4 e6 3. Nf3 Nf6 4. Nc3 Bb4 5. Bg5 Nbd7 6. e3 h6 7. Bxf6 Qxf6 8. Rc1 c6 9. Bd3 O-O 10. O-O dxc4 11. Bxc4 e5 12. a3 Bxc3 (12... exd4 {is more complex.} 13. Ne4 Qe7 14. axb4 Qxe4 15. Qxd4 Qe7) 13. bxc3 e4 {[%emt 0:00:11] White is slightly better.} 14. Nd2 Qg6 15. f4 {[%emt 0:03:37] And now f5 would win.} Nb6 16. Bb3 Re8 17. c4 Bg4 (17... Bh3 {feels hotter.} 18. Qe2 c5 19. dxc5 Nd7) 18. Qe1 Rad8 {[%emt 0:00:10] [#] White now steadily converts the win.} (18... c5 $11 {keeps the balance.}) 19. c5 $1 $16 Nd5 20. Nc4 Bc8 21. Nd6 Re7 22. Bxd5 cxd5 23. Qa5 {[%emt 0:00:35] White is more active.} b6 {[%emt 0:00:33] [#]} 24. Nxc8 $1 (24. cxb6 $2 {perishes.} Qxd6 25. bxa7 Bb7 $19) 24... Rxc8 25. cxb6 Rxc1 26. Rxc1 (26. bxa7 Rxa7 (26... Rxf1+ 27. Kxf1 $11) 27. Qd8+ Kh7 28. Rxc1 Rxa3 29. Qxd5 Rxe3 $17) 26... Qxb6 27. Qxd5 {[%emt 0:00:03][%mdl 4096] Endgame. KQR-KQR} Re8 {[%emt 0:00:17] Repels Rc8} (27... Qb7 $16 28. Qc4 Kh7) 28. h3 $18 Qg6 (28... Rd8 {might work better.} 29. Qxe4 Qb2) 29. Kh2 {[%emt 0:00:17] Strongly threatening Rc6.} h5 $2 (29... Qe6 30. Qb5 Rd8) 30. Rc6 Re6 31. f5 (31. Rc8+ $142 Kh7 32. Qd8 Kh6 33. g4 (33. Qh8+ Qh7 $18) 33... f6 34. f5 Re8 35. Qxe8 (35. fxg6 Rxd8 36. Rxd8 hxg4 $18) 35... Qxe8 36. Rxe8) 31... Qg5 32. Rxe6 fxe6 33. Qxe6+ {[%emt 0:00:02] KQ-KQ} Kf8 34. Qxe4 h4 35. Qa8+ {[%emt 0:00:05] White mates.} Kf7 36. Qxa7+ Kg8 37. Qb8+ Kf7 38. Qe5 Qd8 39. a4 Kf8 40. a5 Qa8 41. Qd6+ Kf7 42. a6 Qa7 43. Qe6+ Kf8 44. Qc8+ {[%emt 0:00:02] Weighted Error Value: White=0.03 (flawless) /Black=0.58.  Mistake:       	---       	Black=4      Inaccurate:     	White=1     	Black=1      OK:         	White=8     	Black=5      Best:        	White=2     	Black=1      Strong:       	White=1     	---} 1-0

[Event "American Cup Women Elimination 2024"]
[Site "Saint Louis"]
[Date "2024.03.18"]
[Round "4.4"]
[White "Tokhirjonova, Gulrukhbegim"]
[Black "Lee, Alice"]
[Result "0-1"]
[ECO "A08"]
[WhiteElo "2365"]
[BlackElo "2356"]
[Annotator "TA"]
[PlyCount "102"]
[EventDate "2024.03.11"]
[EventType "k.o."]
[EventCountry "USA"]
[SourceTitle "playchess.com"]
[Source "ChessBase"]
[SourceQuality "1"]
[TimeControl "900+10"]

1. Nf3 d5 2. g3 g6 3. Bg2 Bg7 4. O-O Nf6 5. d3 O-O 6. Nbd2 c5 7. e4 dxe4 8. dxe4 Nc6 9. c3 Ng4 10. h3 Nge5 11. Nh2 (11. Ne1 $11) 11... Nd3 $15 {[%emt 0:01:08] Black is slightly better.} 12. Qe2 Nxc1 (12... Be6 $15) 13. Raxc1 Ne5 14. Nb3 (14. f4 $11 Nd3 15. Rb1) 14... Be6 15. Rfd1 Qb6 16. c4 (16. Rc2 $142) 16... Rad8 17. Bf1 Rxd1 18. Qxd1 Rd8 19. Qc2 Nc6 20. Nf3 {[%emt 0:00:27] [#]} a5 $1 21. Rb1 Nb4 22. Qe2 Nxa2 23. Qe3 Bd4 (23... Rc8 $19 {...a4 would now be deadly.} 24. Ra1 a4 25. Rxa2 Qxb3 (25... axb3 26. Ra3 $15) 26. Qxb3 axb3) 24. Nbxd4 $11 cxd4 25. Qh6 f6 {[%emt 0:00:22] Repels Ng5} 26. e5 d3 27. exf6 (27. Re1 $1 $11 {remains equal.}) 27... exf6 $17 28. Re1 Bf7 29. Re7 Qc5 (29... Bxc4 30. Qg7#) ({Better is} 29... Qxb2 $17 {[%cal Od3d2] ...d2! is the strong threat.} 30. Rxf7 Kxf7 31. Qxh7+ Ke6) 30. Rxb7 $11 Qxc4 {[%emt 0:00:03] Hoping for ...Qd5. Active counter play!} (30... Bxc4 31. Qg7#) 31. Nd2 Qe6 32. h4 (32. Qf4 $11 {is superior.}) 32... Nc1 (32... Nb4 $15 {was preferrable.}) 33. Kh2 a4 34. Bh3 Qd5 35. Bg2 Qe6 {[%emt 0:01:00] aiming for ...Nb3. Dancing on a razor blade.} 36. h5 {[%emt 0:00:01] Threatens to win with Be4.} Nb3 (36... gxh5 37. Be4 (37. Ne4 Rf8 38. Nxf6+ Qxf6 39. Qxf6 h4 40. Be4 Ne2 41. Qh6 hxg3+ 42. fxg3 Re8 43. Qxh7+ Kf8 44. Rxf7#) 37... f5 38. Qg5+ Qg6 39. Qxd8+ Kg7 40. Bd5 (40. Bxd3 Qf6 $18) 40... Qf6 41. Qe8 (41. Rxf7+ Qxf7 42. Bxf7 Kxf7 $18) (41. Qxf6+ Kxf6 42. Rxf7+ Kg6 $18)) 37. hxg6 (37. Bh3 $5 f5 $8 38. Nf3 $11) 37... hxg6 {[%emt 0:00:01] And now ...Nxd2 would win.} 38. Be4 $2 {[%emt 0:00:01][%mdl 8192] White does not recover from this.} (38. Rb4 $15 Nd4 39. Rxa4) 38... Nxd2 $19 39. Bxg6 Nf3+ {[%emt 0:00:01] Black mates.} 40. Kg2 {[%emt 0:00:39] [#]} Nh4+ $1 41. Qxh4 Bxg6 42. Rb4 Qd5+ 43. f3 Qg5 44. Qc4+ Bf7 45. Qc7 Qd2+ 46. Kh3 Qxb4 47. Qxd8+ Kg7 48. Qxd3 Qxb2 49. g4 a3 50. g5 fxg5 51. Qf5 Qf6 {[%emt 0:00:03] Weighted Error Value: White=0.36/Black=0.17 (very precise) .  Loses game:     	White=1     	---        Mistake:       	White=5     	Black=4      Inaccurate:     	White=1     	---        OK:         	White=10    	Black=13     Best:        	White=2     	Black=1} 0-1